 Dungeon Crawl Stone Soup version 0.31-a0-816-gd61d57ddb1 (webtiles) character file.

Game seed: 7429130883370971990

30 Essalna the Conjurer (level 3, 0/24 HPs)
             Began as a Demonspawn Conjurer on Sept 22, 2023.
             Slain by an orc
             ... wielding a +0 dagger
              (2 damage)
             ... on level 3 of the Dungeon.
             The game lasted 00:01:49 (1207 turns).

Essalna the Conjurer (Demonspawn Conjurer)          Turns: 1207, Time: 00:01:50

Health: 0/24       AC:  4    Str:  7    XL:     3   Next: 5%
Magic:  7/7        EV: 12    Int: 21    God:
Gold:   75         SH:  0    Dex: 11    Spells: 6/7 levels left

rFire   . . .        d - +1 whip (drain)
rCold   . . .        (no shield)
rNeg    . . .        a - +0 robe
rPois   .            (no helmet)
rElec   .            (no cloak)
rCorr   .            e - +0 pair of gloves
SInv    .            (no boots)
Will    .....        (no amulet)
Stlth   ++           (no ring)
HPRegen 0.24/turn    (no ring)
MPRegen 0.10/turn

%: no passive effects
@: no status effects
A: powered by pain 1, sharp scales 1
a: no special abilities


You were on level 3 of the Dungeon.
You visited 1 branch of the dungeon, and saw 3 of its levels.

You collected 75 gold pieces.

Inventory:

Hand Weapons
 d - a +1 whip of draining (weapon)
Armour
 a - a +0 robe (worn)
 e - a +0 pair of gloves (worn)
Jewellery
 h - an amulet of regeneration
Scrolls
 f - a scroll of poison {unknown}
 g - a scroll of fear {unknown}
 i - 2 scrolls of teleportation {unknown}
Potions
 b - a potion of magic
 c - a potion of attraction {unknown}


   Skills:
 - Level 1.7 Dodging
 - Level 1.7 Stealth
 + Level 2.7 Spellcasting
 + Level 4.5 Conjurations


You had 6 spell levels left.
You knew the following spells:

 Your Spells              Type           Power      Damage    Failure   Level
a - Magic Dart            Conj           84%        1d7       2%          1

Your spell library contained the following spells:

 Spells                   Type           Power      Damage    Failure   Level
 Searing Ray              Conj           42%        2d6       3%          2
 Dazzling Flash           Conj/Hex       24%        N/A       16%         3
 Inner Flame              Hex/Fire       2%         N/A       38%         3
 Fulminant Prism          Conj/Hex       6%         3d7       47%         4
 Iskenderun's Mystic Bla  Conj/Tloc      12%        2d5       47%         4
 Yara's Violent Unravell  Hex/Tmut       1%         3d3       98%         5
 Enfeeble                 Hex            1%         N/A       100%        7


Dungeon Overview and Level Annotations

Branches:
Dungeon (3/15)

Altars:
Dithmenos

Shops:
D:1 (


Innate Abilities, Weirdness & Mutations

You sometimes gain a little power by taking damage.
You are partially covered in razor-sharp scales. (AC +1, Slay +1)


Message History

You continue taking off your amulet of regeneration.
The orc completely misses you.
You continue taking off your amulet of regeneration.
The orc hits you with a +0 dagger.
You finish taking off your amulet of regeneration.
The orc hits you with a +0 dagger. The orc closely misses you.
The orc hits you with a +0 dagger. The orc barely misses you.
The orc barely misses you. The orc hits you with a +0 dagger.
The orc closely misses you. The orc hits you with a +0 dagger.
The orc hits you but does no damage. The orc hits you with a +0 dagger.
The orc hits you but does no damage. The orc misses you.
The orc barely misses you. The orc hits you with a +0 dagger.
The orc closely misses you. The orc hits you with a +0 dagger.
The orc hits you but does no damage. The orc completely misses you.
The orc closely misses you. The orc hits you with a +0 dagger.
* * * LOW HITPOINT WARNING * * *
The orc hits you with a +0 dagger.
* * * LOW HITPOINT WARNING * * *
The orc closely misses you. The orc hits you with a +0 dagger.
* * * LOW HITPOINT WARNING * * *
The orc barely misses you. The orc hits you but does no damage.
The orc misses you. The orc barely misses you.
The orc hits you with a +0 dagger.
* * * LOW HITPOINT WARNING * * *
The orc misses you. The orc hits you with a +0 dagger.
You die...

# #? #.## #. .> ... #.
.. . .### #. ..... ....
# #.#.# #.#.. .### #o#.#
#.#.. .##§ #@#.###.#..
.#§§ #.#.##.#... ##.§§.
#.#.#.###.. ...§§.
#.#..## #.##....§ #.#.##
##[...#§§ #######.##.##
##.##.###§
........###.###.###.####
#######.÷....#..# #..###
########.........#
##....


You could see an orc.

Vanquished Creatures
  An adder (D:3)
  4 orcs (D:3)
  2 goblins
  A hobgoblin (D:1)
  A kobold (D:1)
  2 quokkas
  A ball python (D:1)
  3 bats
  A frilled lizard (D:1)
  2 rats (D:1)
18 creatures vanquished.

Notes
Turn   | Place    | Note
-------+----------+-------------------------------------------
     0 | D:1      | Essalna the Demonspawn Conjurer began the quest for the
                  | Orb.
     0 | D:1      | Reached XP level 1. HP: 13/13 MP: 3/3
    59 | D:1      | Found Kubi's Antique Weapon Emporium.
   442 | D:1      | Gained mutation: You sometimes gain a little power by
                  | taking damage. [demonic ancestry]
   442 | D:1      | Reached XP level 2. HP: 17/19 MP: 0/5
   923 | D:3      | Found a shadowy altar of Dithmenos.
   988 | D:3      | Gained mutation: You are partially covered in razor-sharp
                  | scales. (AC +1, Slay +1) [demonic ancestry]
   988 | D:3      | Reached XP level 3. HP: 14/24 MP: 2/7
  1205 | D:3      | HP: 1/24 [orc/+0 dagger (3)]
  1207 | D:3      | Slain by an orc

Illustrated notes

Levels and vault maps discovered:
D:1:      mrwooster_arrival_statue_2, layout_rooms, serial_shops,
          nicolae_shop_hallway_stairs
D:2:      layout_rooms
D:3:      layout_loops_ring, nicolae_dithmenos_the_darkroom, zin_statuary

Action                     || total
---------------------------++-------
  Melee: Whip              ||    13
   Cast: Magic Dart        ||    30
 Armour: Robe              ||    94
  Dodge: Dodged            ||    81

Table legend: (Time is in decaauts)
 A = Elapsed time spent in this place.
 B = Non-inter-level travel time spent in this place.
 C = Inter-level travel time spent in this place.
 D = Time resting spent in this place.
 E = Time spent auto-exploring this place.
 F = Levels seen in this place.
 G = Mean time per level.
                   A        B        C        D        E       F      G
               +--------+--------+--------+--------+--------+-----+--------+
         Total |   1207 |   1174 |     33 |      0 |    891 |   3 |  402.3 |
       Dungeon |   1207 |   1174 |     33 |      0 |    891 |   3 |  402.3 |
               +--------+--------+--------+--------+--------+-----+--------+

Top non-repeatable levels by time:
     D:1: 634 daAuts
     D:3: 556 daAuts
     D:2: 15 daAuts
